 Seeded DCSS version 0.31-a0-771-g505c3d19dc (webtiles) character file.

Game seed: 5 (custom seed)

292 Psyclone the Tainter (level 6, -1/36 HPs)
             Began as an Octopode Venom Mage on Sept 17, 2023.
             Was an Initiate of Gozag.
             Slain by a phantom (6 damage)
             ... on level 4 of the Dungeon.
             The game lasted 00:09:00 (3009 turns).

Psyclone the Tainter (Octopode Venom Mage)          Turns: 3009, Time: 00:09:00

Health: -1/36      AC:  3    Str: 12    XL:     6   Next: 33%
Magic:  5/9        EV: 13    Int: 18    God:    Gozag
Gold:   546        SH:  0    Dex: 11    Spells: 7/10 levels left

rFire   . . .        a - +0 dagger
rCold   . . .        (no shield)
rNeg    + . .        (helmet restricted)
rPois   .            (no amulet)
rElec   .            h - ring of resist corrosion
rCorr   +            k - ring of positive energy
SInv    .            (no ring)
Will    .....        (no ring)
Stlth   +++          (no ring)
HPRegen 0.26/turn    (no ring)
MPRegen 0.11/turn    (no ring)
                     (no ring)

%: no passive effects
@: hasted, very quick
A: almost no armour, amphibious, 8 rings, camouflage 1, gelatinous body 1,
(nimble swimmer 1), tentacles, iridescent scales 1, strong 1
a: Renounce Religion, Potion Petition, Call Merchant, Bribe Branch


You were on level 4 of the Dungeon.
You worshipped Gozag.
Gozag was pleased with you.
You visited 1 branch of the dungeon, and saw 4 of its levels.

You collected 562 gold pieces.
You paid 16 gold pieces to Gozag.

Inventory:

Hand Weapons
 a - a +0 dagger (weapon)
Jewellery
 h - a ring of resist corrosion (left tentacle)
 k - a ring of positive energy (right tentacle)
Scrolls
 l - a scroll of noise
Potions
 g - 2 potions of curing


   Skills:
 - Level 2.0 Dodging
 - Level 2.6 Stealth
 + Level 2.6 Spellcasting
 - Level 1.0 Transmutations
 - Level 8.0 Poison Magic


You had 7 spell levels left.
You knew the following spells:

 Your Spells              Type           Power      Damage    Failure   Level
a - Poisonous Vapours     Pois/Air       32%        N/A       4%          2
b - Sting                 Tmut/Pois      72%        1d6       2%          1

Your spell library contained the following spells:

 Spells                   Type           Power      Damage    Failure   Level
 Olgreb's Toxic Radiance  Pois           31%        N/A       6%          4
 Mephitic Cloud           Conj/Pois/Air  11%        N/A       17%         3


Dungeon Overview and Level Annotations

Branches:
Dungeon (4/15) Zot: 20996
 Temple: D:4-7

Altars:
Fedhas
Gozag
Qazlal


Innate Abilities, Weirdness & Mutations

You cannot wear most types of armour.
You are amphibious.
You can wear up to eight rings at the same time.
Your skin changes colour to match your surroundings (Stealth+).
Your rubbery body absorbs attacks. (AC +1, EV +1)
((You are camouflaged when in or above water. (Stealth+)))
You have tentacles for arms and can constrict up to eight enemies at once.
You are partially covered in iridescent scales. (AC +2)
Your muscles are strong. (Str +4, Int/Dex -1)


Message History

Floosh!
You fall into the shallow water.
You take 2 damage, and have 17/36 hp.
You now have 7/9 mp.
Casting: Poisonous Vapours (safe; 4% risk of failure)
Confirm with . or Enter, or press ? or * to list all spells.
Aiming: Poisonous Vapours (safe; 4% risk of failure)
Press: ? - help, Dir - move target, f - orc, p - orc
Aim: an orc, wielding a +0 club Poisonous vapours surround the orc!
The orc is poisoned.
The orc barely misses you. The phantom misses you.
You now have 5/9 mp.
You closely miss the phantom.
The phantom is moderately damaged.
The orc hits you but does no damage.
You hit the phantom.
The phantom is heavily damaged.
The orc barely misses you. The phantom misses you. The orc closely misses you.
You hit the phantom but do no damage. Your squeeze misses the phantom.
The phantom is heavily damaged.
The orc barely misses you. The phantom hits you.
The phantom blinks!
You blink.
You take 5 damage, and have 13/36 hp.
You closely miss the phantom. Your squeeze misses the phantom.
The phantom is heavily damaged.
You hit the phantom but do no damage. Your squeeze misses the phantom.
The phantom is heavily damaged.
The orc looks more healthy.
The orc hits you with a +0 club. The phantom misses you.
You take 2 damage, and have 11/36 hp.
You hit the phantom but do no damage.
The phantom is heavily damaged.
The orc hits you with a +0 club.
* * * LOW HITPOINT WARNING * * *
You take 3 damage, and have 8/36 hp.
You closely miss the phantom. Your squeeze misses the phantom.
The phantom is heavily damaged.
The orc hits you with a +0 short sword.
* * * LOW HITPOINT WARNING * * *
The phantom hits you.
You die...
Your body crumbles into a pile of gold.

#.####.### #
#...## ###..#
##.# # #.## ##.
#..# #.#
♣♣♣♣♣♣##.#
##.#♣♣....♣♣#§#
#..#♣..~#W@♣#§#
#..+..#~~oo♣#.#
##.##♣.~~~#..'.#
#$.# ♣..#~..♣###
#.$..# ♣♣....♣♣
#.o....# ♣♣♣♣♣♣
...o##.## .W..
#.# ... #.#


You could see a phantom and 2 orcs.

Vanquished Creatures
  Sigmund (D:3)
  An orc priest (D:4)
  An adder (D:3)
  A shadow imp (D:3)
  8 dart slugs (D:3)
  8 orcs
  2 ball pythons
  6 bats
  2 endoplasms
  6 goblins
  5 hobgoblins
  2 jackals (D:3)
  A quokka (D:2)
  2 frilled lizards
  4 kobolds
  3 rats
53 creatures vanquished.

Notes
Turn   | Place    | Note
-------+----------+-------------------------------------------
     0 | D:1      | Psyclone the Octopode Venom Mage began the quest for the
                  | Orb.
     0 | D:1      | Reached XP level 1. HP: 11/11 MP: 3/3
    42 | D:2      | Found an opulent altar of Gozag.
   153 | D:2      | Became a worshipper of Gozag Ym Sagoz the Greedy
   193 | D:1      | Reached skill level 4 in Poison Magic
   303 | D:1      | Reached XP level 2. HP: 17/17 MP: 3/5
  1227 | D:2      | Reached skill level 5 in Poison Magic
  1227 | D:2      | Reached XP level 3. HP: 21/21 MP: 6/6
  1550 | D:3      | Noticed Sigmund
  1619 | D:3      | Learned a level 2 spell: Poisonous Vapours
  1821 | D:3      | Reached XP level 4. HP: 27/27 MP: 7/7
  1868 | D:3      | Reached skill level 6 in Poison Magic
  1986 | D:3      | Identified the +1 ring mail of the Unseen Realm {rF+++
                  | Will+ MP-9 Str+3}
  1995 | D:3      | Identified the +0 leather armour "Fipoi" {Fly rF+ Stlth+}
  2258 | D:3      | Killed Sigmund
  2259 | D:3      | Reached skill level 8 in Poison Magic
  2259 | D:3      | Reached XP level 5. HP: 3/31 MP: 6/8
  2259 | D:3      | Reached XP level 6. HP: 4/36 MP: 6/9
  2397 | D:3      | Found a stormy altar of Qazlal.
  2432 | D:3      | Found a blossoming altar of Fedhas.
  2992 | D:4      | Gained mutation: Your muscles are strong. (Str +4, Int/Dex
                  | -1) [potion of mutation]
  2992 | D:4      | Gained mutation: You are partially covered in iridescent
                  | scales. (AC +2) [potion of mutation]
  3009 | D:4      | Slain by a phantom

Illustrated notes

Levels and vault maps discovered:
D:1:      ebering_hopf_link, layout_basic, nicolae_twisty_statue_hallways
D:2:      layout_rooms, basic_altar, eino_tiny_chamber, serial_park_tiny_2
D:3:      kennysheep_slugbush, layout_loops_ring,
          nicolae_qazlal_scattered_showers, fedhas_altar_fruit_tree,
          minmay_gold_behind_fungi, serial_bayou_lagoon_a, uniq_sigmund
D:4:      layout_rooms, riverfiend_overflow_shadow_ancestor,
          minmay_temple_entry_enclosed_plants, ebering_ghost_rock_garden,
          kennysheep_another_room

Skill      XL: |  1  2  3  4 |
---------------+-------------+-----
Poison Magic   | 4 5 8 |  8.0
Dodging        | |  2.0
Stealth        | |  2.6
Spellcasting   | |  2.6
Transmutations | |  1.0

Action                     |  1- 3 |  4- 6 || total
---------------------------+-------+-------++-------
  Melee: Unarmed           |     7 |       ||     7
         Tentacles         |    13 |    11 ||    24
         Constrict         |    18 |    14 ||    32
         Dagger            |    43 |    78 ||   121
         Punch             |       |     2 ||     2
   Cast: Sting             |    32 |     2 ||    34
         Poisonous Vapours |     5 |    24 ||    29
    Use: Potion            |     1 |     8 ||     9
         Scroll            |       |     3 ||     3
   Stab: Sleeping          |     5 |     2 ||     7
 Armour: Skin              |    31 |    52 ||    83
  Dodge: Dodged            |    43 |    37 ||    80

Table legend: (Time is in decaauts)
 A = Elapsed time spent in this place.
 B = Non-inter-level travel time spent in this place.
 C = Inter-level travel time spent in this place.
 D = Time resting spent in this place.
 E = Time spent auto-exploring this place.
 F = Levels seen in this place.
 G = Mean time per level.
                   A        B        C        D        E       F      G
               +--------+--------+--------+--------+--------+-----+--------+
         Total |   3002 |   2854 |    148 |    283 |   1872 |   4 |  750.5 |
       Dungeon |   3002 |   2854 |    148 |    283 |   1872 |   4 |  750.5 |
               +--------+--------+--------+--------+--------+-----+--------+

Top non-repeatable levels by time:
     D:3: 1397 daAuts
     D:1: 840 daAuts
     D:2: 572 daAuts
     D:4: 192 daAuts
